 Dungeon Crawl Stone Soup version 0.29.1-1-gd02db6906a (webtiles) character file.

Game seed: 9071276052701095427

466 Tsarbomb the Cleaver (level 6, -2/46 (51) HPs)
             Began as a Minotaur Berserker on Oct 4, 2022.
             Was a Believer of Trog.
             Slain by a wight
             ... wielding a +5 hand axe
              (4 damage)
             ... on level 6 of the Dungeon.
             The game lasted 00:06:16 (2818 turns).

Tsarbomb the Cleaver (Minotaur Berserker)           Turns: 2818, Time: 00:06:17

HP:   -2/46 (51)    AC:  8    Str: 24    XL:     6   Next: 81%
MP:   5/5           EV: 10    Int:  4    God:    Trog [**....]
Gold: 118           SH:  0    Dex:  9    Spells: 5/5 levels left

rFire   . . .      SeeInvis .   a - +0 hand axe
rCold   . . .      Faith    .   (no shield)
rNeg    . . .      Spirit   .   e - +0 scale mail
rPois   .          Reflect  .   (helmet restricted)
rElec   .          Harm     .   t - +0 cloak
rCorr   .          Rampage  .   (no gloves)
Will    .....                   j - +0 pair of boots
Stlth   ..........              (no amulet)
HPRegen 0.15/turn               (no ring)
MPRegen 0.09/turn               (no ring)

@: on berserk cooldown, attractive, slowed, drained, very slow
A: horns 2, retaliatory headbutt
a: Renounce Religion, Berserk, Trog's Hand


You were on level 6 of the Dungeon.
You worshipped Trog.
Trog was pleased with you.
You visited 1 branch of the dungeon, and saw 6 of its levels.

You collected 118 gold pieces.

Inventory:

Hand Weapons
 a - a +0 hand axe (weapon)
Armour
 b - a +0 animal skin
 e - a +0 scale mail (worn)
 j - a +0 pair of boots (worn)
 t - a +0 cloak (worn)
Wands
 w - a wand of flame (24)
Scrolls
 f - 3 scrolls of identify {unknown}
 h - a scroll of teleportation {unknown}
 i - a scroll of magic mapping {unknown}
 k - a scroll of poison {unknown}
 n - a scroll of fear {unknown}
 p - a scroll of noise {unknown}
 q - a scroll of summoning {unknown}
 r - a scroll of immolation {unknown}
Potions
 c - a potion of magic {unknown}
 d - 2 potions of brilliance {unknown}
 g - 2 potions of curing {unknown}
 l - a potion of resistance {unknown}
 m - a potion of heal wounds {unknown}
 o - a potion of attraction
 s - 2 potions of flight {unknown}
 u - a potion of berserk rage {unknown}
 v - 2 potions of degeneration {unknown}


   Skills:
 - Level 3.6 Fighting
 + Level 9.3 Axes
 - Level 2.4 Armour
 - Level 2.1 Dodging


You had 5 spell levels left.
You didn't know any spells.
Your spell library was empty.

Dungeon Overview and Level Annotations

Branches:
Dungeon (6/15)
 Temple: D:4-7

Altars:

Shops:
D:5 =

Annotations:
D:2 Sigmund
D:3 2 transporters, exclusion: downstairs, quakins's ghost, weakling MfIE
D:4 exclusion: downstairs, Menkaure


Innate Abilities, Weirdness & Mutations

You have a pair of horns on your head.
You reflexively headbutt those who attack you in melee.


Message History

You closely miss the wight.
The wight is moderately damaged.
The wight hits you with a +0 halberd.
You hit the wight.
The wight is heavily damaged.
The wight hits you but does no damage.
You closely miss the wight. Your headbutt misses the wight.
The wight is heavily damaged.
You slash the wight!
The wight is almost destroyed.
The wight barely misses you.
You slash the wight!
You destroy the wight!
Trog accepts your kill.
No target in view!
Calm down first, please.
Things that are here:
a +0 halberd; a +0 robe You feel a strong urge to attack something. 2 wights and a necrophage come into view.
You are no longer berserk.
You are exhausted.
You feel yourself slow down.
Things that are here:
a +0 halberd; a +0 robe The wight attacks as you move away!
The wight hits you with a +5 hand axe.
You feel the effects of Trog's Hand fading.
The wight hits you with a +5 hand axe.
You feel drained. The wight attacks as you move away!
The wight hits you with a +5 hand axe! The wight hits you with a +5 hand axe.
You feel drained. The wight attacks as you move away!
The wight hits you with a +5 hand axe!
Your skin stops crawling.
You feel less strong-willed. The wight hits you with a +5 hand axe.
* * * LOW HITPOINT WARNING * * *
It was a potion of attraction.
You feel attractive to monsters. The wight hits you with a +5 hand axe!
* * * LOW HITPOINT WARNING * * *
You feel drained.
You die...

.......##.##
###.#
##.######.#
#...# .).# #.#
#.### #..# #.#
#.# #..# #.# #.#
#..#
#.######.#######
#..#
#.#.>..........#
...#
#.#.####.#####.#
#)## #...# #@#
#.# ###.# #z#
#.# #.# #z###
..# #.# #...#
#.# #.# ###.#
#.# #.# #n# #.#
#.# #.###.# #.#
.......#n...#
#.#
.######.#####


You could see 2 wights.

Vanquished Creatures
  An ogre (D:6)
  A kobold brigand (D:4)
  A wight (D:6)
  3 hounds
  An orc priest (D:5)
  An iguana (D:4)
  4 adders
  An ufetubus (D:4)
  2 worms
  11 orcs
  4 endoplasms
  5 goblins
  6 hobgoblins
  8 kobolds
  3 quokkas
  8 ball pythons
  2 bats
  3 frilled lizards
65 creatures vanquished.

Vanquished Creatures (others)
  A demonic plant (D:1)
1 creature vanquished.

Grand Total: 66 creatures vanquished

Notes
Turn   | Place    | Note
-------+----------+-------------------------------------------
     0 | D:1      | Tsarbomb the Minotaur Berserker began the quest for the
                  | Orb.
     0 | D:1      | Reached XP level 1. HP: 19/19 MP: 0/0
   134 | D:1      | Reached skill level 4 in Axes
   255 | D:1      | Reached XP level 2. HP: 26/26 MP: 1/1
   442 | D:1      | Found a faded altar of an unknown god.
   768 | D:1      | Reached skill level 5 in Axes
   879 | D:2      | Reached XP level 3. HP: 31/31 MP: 2/2
   936 | D:2      | Noticed Sigmund
  1437 | D:3      | Found a transporter.
  1566 | D:3      | Noticed quakins's ghost (weakling MfIE)
  1570 | D:3      | Found a transporter.
  1647 | D:3      | Reached skill level 6 in Axes
  1647 | D:3      | Reached XP level 4. HP: 39/39 MP: 3/3
  1801 | D:3      | Reached ** piety under Trog
  1972 | D:4      | Noticed a kobold brigand
  1977 | D:4      | Killed a kobold brigand
  1978 | D:4      | Reached skill level 7 in Axes
  1978 | D:4      | Reached XP level 5. HP: 45/45 MP: 4/4
  1983 | D:4      | Noticed Menkaure
  2341 | D:5      | Entered Level 5 of the Dungeon
  2341 | D:5      | Found Ufetz's Jewellery Boutique.
  2346 | D:5      | Noticed a black bear
  2358 | D:4      | Reached skill level 8 in Axes
  2501 | D:5      | Reached XP level 6. HP: 51/51 MP: 5/5
  2683 | D:6      | Reached skill level 9 in Axes
  2818 | D:6      | HP: 2/48 [wight/+5 hand axe (10)]
  2818 | D:6      | Slain by a wight

Illustrated notes

Levels and vault maps discovered:
D:1:      lemuel_arrival_tunnels, layout_basic,
          dreamdust_ecumenical_altar_sealed_demon, nicolae_wormholes
D:2:      layout_loops_ring, minmay_misc_feat_tiny, guppyfry_early_orc_mine,
          uniq_sigmund
D:3:      layout_basic, gammafunk_ghost_arena
D:4:      layout_rooms, minmay_temple_entry_ruins, uniq_menkaure,
          uniq_crazy_yiuf_cottage
D:5:      layout_rooms, serial_shops, shop, uniq_blork_the_orc
D:6:      lemuel_ratsnest, layout_loops_ring, gammafunk_temple_overflow_statue

Skill      XL: |  1  2  3  4  5  6 |
---------------+-------------------+-----
Axes           | 4 5 6 7 8 9 |  9.3
Fighting       | |  3.6
Armour         | |  2.4
Dodging        | |  2.1

Action                   |  1- 3 |  4- 6 || total
-------------------------+-------+-------++-------
Melee: Hand axe          |    81 |    62 ||   143
       Headbutt          |    12 |    11 ||    23
       Punch             |     1 |       ||     1
Invok: Berserk           |     2 |     4 ||     6
       Trog's Hand       |       |     2 ||     2
  Use: Potion            |       |     1 ||     1
Armor: Scale mail        |    31 |    12 ||    43
       Animal skin       |     1 |       ||     1
Dodge: Dodged            |    42 |    32 ||    74
